Penguins vs Bruins

Created - Thursday, February 25, 2016 at 02:04

Goals
1 2 3 T
Penguins 1 2 1 4
Bruins 2 3 2 7
Shots
1 2 3 T
Penguins 3 11 13 27
Bruins 10 14 9 33

1st period

1. Bruins , Jeff Petry 1 (Mikkel Boedker, Anton Lander) at 1:16
2. Penguins , Jay McClement 3 (Marcus Foligno) at 2:43 (PP)
3. Bruins , Shea Weber 10 (Cody Eakin) at 7:58 (PP)

Penalties :
Shea Weber (Bos) for Hooking (Minor) at 2:29, Luke Witkowski (Pit) for Holding (Minor) at 2:46, Luke Witkowski (Pit) for Interference (Minor) at 7:57, Stu Bickel (Pit) for Tripping (Minor) at 10:30, Luke Witkowski (Pit) for Slashing (Minor) at 15:17, Chris Butler (Pit) for High sticking (Minor) at 17:43

2nd period

4. Bruins , Matt Duchene 14 (Anze Kopitar) at 0:04
5. Bruins , Matt Duchene 15 (Shea Weber, Anze Kopitar) at 0:18
6. Penguins , Curtis McKenzie 5 (Xavier Ouellet, Nathan MacKinnon) at 3:58 (PP)
7. Penguins , Joakim Lindstrom 6 (Xavier Ouellet, Stu Bickel) at 11:51 (PP)
8. Bruins , Alex Killorn 10 (Cody Eakin, Tommy Wingels) at 14:28

Penalties :
Anze Kopitar (Bos) for Interference (Minor) at 2:09, Mark Fraser (Pit) for Hooking (Minor) at 6:38, Paul Martin (Bos) for Cross-checking (Minor) at 11:38, Matt Hendricks (Bos) for Fighting (Major) at 14:31, Stu Bickel (Pit) for Fighting (Major) at 14:31, Jeff Petry (Bos) for Hooking (Minor) at 19:56

3rd period

9. Penguins , Xavier Ouellet 6 (Curtis McKenzie, Nathan MacKinnon) at 0:30 (PP)
10. Bruins , Tommy Wingels 9 (Alex Killorn) at 4:42
11. Bruins , Tommy Wingels 10 (Alex Killorn) at 16:21 (PP)

Penalties :
Chris Kelly (Pit) for Hooking (Minor) at 0:55, Xavier Ouellet (Pit) for Tripping (Minor) at 16:03, Paul Martin (Bos) for Hooking (Minor) at 17:56

Goalie Stats

Alex Stalock (Pit), 26 saves from 33 shots - (0.788), L, 0-20-1, 60:00 minutes
Semyon Varlamov (Bos), 23 saves from 27 shots - (0.852), W, 22-19-4, 60:00 minutes

Players Stats for Penguins

Player Name              G  A  P  +/- PIM S  H  SB GA TA FO     MP     PP MP  PK MP  
------------------------------------------------------------------------------------
Chris Butler             0  0  0  -2  2   0  1  1  1  3  0/0    22:29   0:00   4:15 
Chris Kelly              0  0  0  -1  2   3  3  0  1  0  0/0    17:58   0:00   0:28 
Christian Ehrhoff        0  0  0   0  0   0  1  0  0  0  0/0     8:46   0:00   0:00 
Curtis McKenzie          1  1  2  -3  0   4  1  1  1  1  6/24   21:56   2:10   7:46 
Jacob Trouba             0  0  0   0  0   0  0  0  0  1  0/0     4:00   0:00   1:33 
Jay McClement            1  0  1  -1  0   1  0  0  0  0  0/0    15:10   2:39   0:00 
Jimmy Hayes              0  0  0   0  0   1  1  0  1  0  0/0     4:51   0:00   0:00 
Joakim Lindstrom         1  0  1  -3  0   4  1  2  4  1  0/0    18:58   2:39   3:44 
Luke Witkowski           0  0  0  -2  6   0  2  2  0  2  0/0    22:42   1:45   4:42 
Marcus Foligno           0  1  1  -1  0   3  5  0  1  0  5/17   15:57   2:39   0:10 
Mark Fraser              0  0  0   0  2   1  1  0  0  0  0/0    11:05   1:45   0:00 
Mikael Granlund          0  0  0  -1  0   1  0  0  1  0  0/0    12:24   0:00   0:00 
Nail Yakupov             0  0  0   0  0   2  3  1  0  0  1/4     9:10   0:00   3:44 
Nathan MacKinnon         0  2  2  -1  0   3  2  0  2  2  0/1    15:54   2:10   0:43 
Reilly Smith             0  0  0  -1  0   1  1  0  0  1  3/9    12:24   0:00   0:00 
Steve MacIntyre          0  0  0  -3  0   0  2  0  0  1  0/0    22:01   2:10   7:51 
Stu Bickel               0  1  1  -3  7   1  2  3  1  2  0/0    23:30   3:04   6:16 
Xavier Ouellet           1  2  3  -3  2   2  0  5  0  1  0/0    28:22   3:04   7:40 

Players Stats for Bruins

Player Name              G  A  P  +/- PIM S  H  SB GA TA FO     MP     PP MP  PK MP  
------------------------------------------------------------------------------------
Alex Killorn             1  2  3   2  0   2  0  0  2  0  1/2    23:04   5:42   3:45 
Anton Lander             0  1  1   1  0   1  0  1  2  0  8/9    15:19   0:37   0:42 
Anze Kopitar             0  2  2   2  2   2  2  2  0  0  12/19  24:04   5:54   2:54 
Brent Seabrook           0  0  0   2  0   2  3  3  1  2  0/0    23:07   7:17   1:32 
Cody Eakin               0  2  2   2  0   2  1  0  0  0  12/15  19:42   5:42   0:19 
Dan O'Donoghue           0  0  0   0  0   0  0  0  0  0  0/0     6:18   0:00   0:00 
Jeff Petry               1  0  1   2  2   3  1  2  0  2  0/0    22:11   4:56   3:17 
Jim Slater               0  0  0   0  0   2  0  1  0  0  2/2     6:18   0:00   0:00 
Jiri Sekac               0  0  0   2  0   0  0  0  0  0  0/1    11:57   0:37   0:00 
Matt Duchene             2  0  2   2  0   7  0  1  3  0  1/2    16:45   6:31   0:06 
Matt Hendricks           0  0  0   1  5   0  2  0  2  1  1/2    13:01   0:00   1:52 
Mikkel Boedker           0  1  1   1  0   0  2  0  6  0  3/3    19:18   5:54   0:00 
Mirco Mueller            0  0  0   0  0   0  0  1  0  0  0/0     4:20   0:00   0:00 
Nate Guenin              0  0  0   1  0   2  0  0  1  1  0/0    13:56   0:00   3:31 
Nick Holden              0  0  0   1  0   2  1  2  1  0  0/0    15:59   4:56   0:00 
Paul Martin              0  0  0   2  4   1  0  2  1  0  0/0    13:15   0:00   0:00 
Shea Weber               1  1  2   2  2   2  2  0  1  2  0/0    27:12   7:17   1:18 
Tommy Wingels            2  1  3   2  0   5  2  0  2  1  0/0    19:19   5:42   0:00 

3 Stars

1 - Tommy Wingels (Bos)
2 - Matt Duchene (Bos)
3 - Alex Killorn (Bos)

Power Play

Penguins - 4 on 5 Attempt(s) - 80.00%
Bruins - 2 on 9 Attempt(s) - 22.22%

Penalty Kill

Penguins - 7 on 9 Attempt(s) - 77.78% - Score 0 goal in Penalty Kill
Bruins - 1 on 5 Attempt(s) - 20.00% - Score 0 goal in Penalty Kill

Team Stat

Penguins - Hits : 26 - Faceoff Wins : 15 - Blocked Shots : 15 - Penalty Minutes : 21
Bruins - Hits : 16 - Faceoff Wins : 40 - Blocked Shots : 15 - Penalty Minutes : 15

Official

Referees : Unknown
Linesman : Unknown

Game Notes

1:52 of 1st period - Penalty Shot by Jay McClement for Penguins - Shot Misses the Net
Stu Bickel beats up Matt Hendricks at 14:31 of 2nd period

Finance

Level 1 -- Attendance: 5788 (96.47%) -- Ticket Income $463,040
Level 2 -- Attendance: 4792 (95.84%) -- Ticket Income $253,976
Level 3 -- Attendance: 1766 (88.30%) -- Ticket Income $49,448
Level 4 -- Attendance: 4000 (100.00%) -- Ticket Income $68,000
Luxury Box -- Attendance: 873 (87.30%) -- Ticket Income $153,648
Game was played at the TD Banknorth Garden.
Total Attendance: 17219 (95.66%)
Total Ticket Income: $988,112
Other Income: $484,175
Total Income: $1,472,287

Penguins

5 vs 5 Forward 
   Center                   Left Wing                Right Wing               Time % Phy DF OF 
 1 Curtis McKenzie          Steve MacIntyre          Joakim Lindstrom         43     5   0  0  
 2 Marcus Foligno           Jay McClement            Chris Kelly              37     5   0  0  
 3 Nail Yakupov             Jimmy Hayes              Chris Kelly              15     5   0  0  
 4 Reilly Smith             Mikael Granlund          Nathan MacKinnon         5      5   0  0  

5 vs 5 Defense 
   Defense                  Defense                                           Time % Phy DF OF 
 1 Xavier Ouellet           Stu Bickel                                        45     5   0  0  
 2 Chris Butler             Luke Witkowski                                    45     5   0  0  
 3 Christian Ehrhoff        Mark Fraser                                       5      5   0  0  
 4 Xavier Ouellet           Stu Bickel                                        5      5   0  0  

PowerPlay Forward 
   Center                   Left Wing                Right Wing               Time % Phy DF OF 
 1 Curtis McKenzie          Steve MacIntyre          Nathan MacKinnon         60     5   0  0  
 2 Marcus Foligno           Joakim Lindstrom         Jay McClement            40     5   0  0  

PowerPlay Defense
   Defense                  Defense                                           Time % Phy DF OF 
 1 Xavier Ouellet           Stu Bickel                                        60     5   0  0  
 2 Mark Fraser              Luke Witkowski                                    40     5   0  0  

Penalty Kill 4 Players Forward 
   Center                   Wing                     Time % Phy DF OF 
 1 Curtis McKenzie          Steve MacIntyre          60     5   0  0  
 2 Nail Yakupov             Joakim Lindstrom         40     5   0  0  

Penalty Kill 4 Players Defense
   Defense                  Defense                  Time % Phy DF OF 
 1 Xavier Ouellet           Stu Bickel               60     5   0  0  
 2 Chris Butler             Luke Witkowski           40     5   0  0  

Penalty Kill - 3 Players Forward 
   Forward                                           Time % Phy DF OF 
 1 Steve MacIntyre                                   60     5   0  0  
 2 Curtis McKenzie                                   40     5   0  0  

Penalty Kill - 3 Players Defense
   Defense                  Defense                  Time % Phy DF OF 
 1 Xavier Ouellet           Stu Bickel               60     5   0  0  
 2 Chris Butler             Luke Witkowski           40     5   0  0  

4 vs 4 Forward 
   Center                   Wing                     Time % Phy DF OF 
 1 Steve MacIntyre          Curtis McKenzie          60     5   0  0  
 2 Marcus Foligno           Nathan MacKinnon         40     5   0  0  

4 vs 4 Defense
   Defense                  Defense                  Time % Phy DF OF 
 1 Xavier Ouellet           Stu Bickel               60     5   0  0  
 2 Mark Fraser              Luke Witkowski           40     5   0  0  

Last Minutes Offensive
   Center                   Left Wing                Right Wing               Defense                  Defense                  
   Curtis McKenzie          Joakim Lindstrom         Steve MacIntyre          Xavier Ouellet           Stu Bickel               

Last Minutes Defensive
   Center                   Left Wing                Right Wing               Defense                  Defense                  
   Curtis McKenzie          Joakim Lindstrom         Steve MacIntyre          Xavier Ouellet           Stu Bickel               

Goaltenders
Starting : Alex Stalock             
Backup : Martin Brodeur           

Extra Forwards
Normal : Steve MacIntyre, Joakim Lindstrom, Curtis McKenzie - PP : Curtis McKenzie, Joakim Lindstrom - PK : Steve MacIntyre
Extra Defensemen
Normal : Xavier Ouellet, Stu Bickel, Chris Butler - PP : Xavier Ouellet - PK : Xavier Ouellet, Stu Bickel
Penalty Shots
Xavier Ouellet, Stu Bickel, Steve MacIntyre, Curtis McKenzie, Joakim Lindstrom

Bruins

5 vs 5 Forward 
   Center                   Left Wing                Right Wing               Time % Phy DF OF 
 1 Anze Kopitar             Jiri Sekac               Matt Duchene             40     1   2  2  
 2 Cody Eakin               Alex Killorn             Tommy Wingels            30     1   2  2  
 3 Anton Lander             Mikkel Boedker           Matt Hendricks           25     1   2  2  
 4 Jim Slater               Dan O'Donoghue           Anze Kopitar             5      1   2  2  

5 vs 5 Defense 
   Defense                  Defense                                           Time % Phy DF OF 
 1 Shea Weber               Brent Seabrook                                    35     1   2  2  
 2 Jeff Petry               Paul Martin                                       30     1   2  2  
 3 Nick Holden              Nate Guenin                                       22     1   2  2  
 4 Mirco Mueller            Shea Weber                                        13     1   2  2  

PowerPlay Forward 
   Center                   Left Wing                Right Wing               Time % Phy DF OF 
 1 Anze Kopitar             Mikkel Boedker           Matt Duchene             60     1   2  2  
 2 Cody Eakin               Alex Killorn             Tommy Wingels            40     1   2  2  

PowerPlay Defense
   Defense                  Defense                                           Time % Phy DF OF 
 1 Shea Weber               Brent Seabrook                                    60     1   2  2  
 2 Jeff Petry               Nick Holden                                       40     1   2  2  

Penalty Kill 4 Players Forward 
   Center                   Wing                     Time % Phy DF OF 
 1 Anze Kopitar             Alex Killorn             60     1   2  2  
 2 Matt Duchene             Cody Eakin               40     1   2  2  

Penalty Kill 4 Players Defense
   Defense                  Defense                  Time % Phy DF OF 
 1 Shea Weber               Brent Seabrook           60     1   2  2  
 2 Jeff Petry               Nate Guenin              40     1   2  2  

Penalty Kill - 3 Players Forward 
   Forward                                           Time % Phy DF OF 
 1 Anze Kopitar                                      60     1   2  2  
 2 Matt Duchene                                      40     1   2  2  

Penalty Kill - 3 Players Defense
   Defense                  Defense                  Time % Phy DF OF 
 1 Shea Weber               Brent Seabrook           60     1   2  2  
 2 Jeff Petry               Nick Holden              40     1   2  2  

4 vs 4 Forward 
   Center                   Wing                     Time % Phy DF OF 
 1 Anze Kopitar             Anton Lander             60     1   2  2  
 2 Matt Duchene             Cody Eakin               40     1   2  2  

4 vs 4 Defense
   Defense                  Defense                  Time % Phy DF OF 
 1 Shea Weber               Brent Seabrook           60     1   2  2  
 2 Jeff Petry               Mirco Mueller            40     1   2  2  

Last Minutes Offensive
   Center                   Left Wing                Right Wing               Defense                  Defense                  
   Anze Kopitar             Jiri Sekac               Matt Duchene             Shea Weber               Brent Seabrook           

Last Minutes Defensive
   Center                   Left Wing                Right Wing               Defense                  Defense                  
   Anze Kopitar             Jiri Sekac               Matt Duchene             Shea Weber               Brent Seabrook           

Goaltenders
Starting : Semyon Varlamov          
Backup : Cam Talbot               

Extra Forwards
Normal : Mikkel Boedker, Anton Lander, Matt Hendricks - PP : Mikkel Boedker, Anton Lander - PK : Matt Hendricks
Extra Defensemen
Normal : Nick Holden, Nate Guenin, Mirco Mueller - PP : Nick Holden - PK : Nate Guenin, Mirco Mueller
Penalty Shots
Anze Kopitar, Matt Hendricks, Matt Duchene, Cody Eakin, Alex Killorn

% Time on Ice - Penguins

Lines # - Real PCT - Wanted PCT - Time Play
Normal Forward
1 - 29% - 43% - 12:37
2 - 30% - 37% - 13:06
3 - 11% - 15% - 4:51
4 - 29% - 5% - 12:24
Normal Defense
1 - 41% - 45% - 17:39
2 - 39% - 45% - 16:33
3 - 20% - 5% - 8:46
4 - 0% - 5% - 0:00
PP Forward
1 - 45% - 60% - 2:10
2 - 55% - 40% - 2:39
PP Defense
1 - 64% - 60% - 3:04
2 - 36% - 40% - 1:45
PK Forward
1 - 69% - 60% - 8:29
2 - 31% - 40% - 3:44
PK Defense
1 - 53% - 60% - 6:30
2 - 47% - 40% - 5:43
PK3 Forward
1 - 0% - 60%
2 - 0% - 40%
PK3 Defense
1 - 0% - 60%
2 - 0% - 40%
44 Forward
1 - 0% - 60%
2 - 0% - 40%
44 Defense
1 - 0% - 60%
2 - 0% - 40%
Last Minute Offensive  - 0:00
Last Minute Defensive  - 0:00
Total
Forward - 60:00
Defense - 60:00

% Time on Ice - Bruins

Lines # - Real PCT - Wanted PCT - Time Play
Normal Forward
1 - 23% - 40% - 10:04
2 - 32% - 30% - 13:41
3 - 30% - 25% - 12:55
4 - 15% - 5% - 6:18
Normal Defense
1 - 33% - 35% - 14:18
2 - 33% - 30% - 13:59
3 - 24% - 22% - 10:21
4 - 10% - 13% - 4:20
PP Forward
1 - 53% - 60% - 6:31
2 - 47% - 40% - 5:42
PP Defense
1 - 60% - 60% - 7:17
2 - 40% - 40% - 4:56
PK Forward
1 - 98% - 60% - 4:43
2 - 2% - 40% - 0:06
PK Defense
1 - 32% - 60% - 1:32
2 - 68% - 40% - 3:17
PK3 Forward
1 - 0% - 60%
2 - 0% - 40%
PK3 Defense
1 - 0% - 60%
2 - 0% - 40%
44 Forward
1 - 0% - 60%
2 - 0% - 40%
44 Defense
1 - 0% - 60%
2 - 0% - 40%
Last Minute Offensive  - 0:00
Last Minute Defensive  - 0:00
Total
Forward - 60:00
Defense - 60:00

Play by Play

1st period


0:01 of 1st period - Anze Kopitar wins face-off versus Curtis McKenzie in neutral zone.
0:58 of 1st period - Wrist shot by Alex Killorn.
0:58 of 1st period - Shot Misses the Net.
1:00 of 1st period - Slapshot by Jeff Petry.
1:00 of 1st period - Stopped by Alex Stalock with a rebound.
1:02 of 1st period - Snap shot by Tommy Wingels.
1:02 of 1st period - Stopped by Alex Stalock with a rebound.
1:04 of 1st period - Snap shot by Tommy Wingels.
1:04 of 1st period - Stopped by Alex Stalock without a rebound.
1:05 of 1st period - Anton Lander wins face-off versus Marcus Foligno in Penguins zone.
1:14 of 1st period - Wrist shot by Mikkel Boedker.
1:14 of 1st period - Shot Misses the Net.
1:16 of 1st period - Snap shot by Jeff Petry.
1:16 of 1st period - Deflect By Luke Witkowski.
1:16 of 1st period - Goal by Jeff Petry - Penguins : 0 - Bruins : 1.
1:17 of 1st period - Anton Lander wins face-off versus Marcus Foligno in neutral zone.
1:52 of 1st period - Penalty Shot by Jay McClement for Penguins.
1:52 of 1st period - Deke by Jay McClement.
1:52 of 1st period - Shot Misses the Net.
1:53 of 1st period - Alex Killorn wins face-off versus Reilly Smith in Penguins zone.
2:29 of 1st period - Minor Penalty to Shea Weber for Hooking.
2:30 of 1st period - Anze Kopitar wins face-off versus Marcus Foligno in Bruins zone.
2:43 of 1st period - Snap shot by Jay McClement.
2:43 of 1st period - Goal by Jay McClement - Penguins : 1 - Bruins : 1.
2:44 of 1st period - Nail Yakupov wins face-off versus Jiri Sekac in neutral zone.
2:46 of 1st period - Minor Penalty to Luke Witkowski for Holding.
2:47 of 1st period - Mikkel Boedker wins face-off versus Curtis McKenzie in Penguins zone.
4:46 of 1st period - Penalty to Luke Witkowski is over, Luke Witkowski is back on ice.
4:46 of 1st period - Curtis McKenzie is hit by Nick Holden and loses puck.
5:15 of 1st period - Chris Kelly is hit by Matt Hendricks and loses puck.
6:25 of 1st period - Nail Yakupov is hit by Brent Seabrook and loses puck.
6:32 of 1st period - Shea Weber is hit by Chris Kelly.
6:58 of 1st period - Matt Hendricks is hit by Mark Fraser and loses puck.
7:23 of 1st period - Luke Witkowski is hit by Tommy Wingels and loses puck.
7:48 of 1st period - Wrist shot by Matt Duchene.
7:48 of 1st period - Shot Misses the Net.
7:50 of 1st period - Snap shot by Matt Duchene.
7:50 of 1st period - Shot Misses the Net.
7:57 of 1st period - Minor Penalty to Luke Witkowski for Interference.
7:58 of 1st period - Cody Eakin wins face-off versus Curtis McKenzie in Penguins zone.
7:58 of 1st period - Snap shot by Shea Weber.
7:58 of 1st period - Goal by Shea Weber - Penguins : 1 - Bruins : 2.
7:59 of 1st period - Cody Eakin wins face-off versus Marcus Foligno in neutral zone.
8:23 of 1st period - Wrist shot by Alex Killorn.
8:23 of 1st period - Shot Misses the Net.
8:25 of 1st period - Slapshot by Jeff Petry.
8:25 of 1st period - Stopped by Alex Stalock without a rebound.
8:26 of 1st period - Anton Lander wins face-off versus Curtis McKenzie in Penguins zone.
8:39 of 1st period - Snap shot by Mikkel Boedker.
8:39 of 1st period - Shot Misses the Net.
8:45 of 1st period - Brent Seabrook is hit by Steve MacIntyre and loses puck.
9:20 of 1st period - Icing by Anze Kopitar.
9:21 of 1st period - Reilly Smith wins face-off versus Anze Kopitar in Bruins zone.
9:22 of 1st period - Wrist shot by Nathan MacKinnon.
9:22 of 1st period - Stopped by Semyon Varlamov with a rebound.
10:12 of 1st period - Jeff Petry is hit by Stu Bickel and loses puck.
10:30 of 1st period - Minor Penalty to Stu Bickel for Tripping.
10:31 of 1st period - Anze Kopitar wins face-off versus Curtis McKenzie in Penguins zone.
10:31 of 1st period - Snap shot by Matt Duchene.
10:31 of 1st period - Stopped by Alex Stalock with a rebound.
11:36 of 1st period - Wrist shot by Joakim Lindstrom.
11:36 of 1st period - Stopped by Semyon Varlamov without a rebound.
11:37 of 1st period - Anze Kopitar wins face-off versus Nail Yakupov in Bruins zone.
11:44 of 1st period - Nail Yakupov is hit by Anze Kopitar and loses puck.
12:30 of 1st period - Penalty to Stu Bickel is over, Stu Bickel is back on ice.
13:26 of 1st period - Snap shot by Cody Eakin.
13:26 of 1st period - Shot Misses the Net.
13:44 of 1st period - Paul Martin is hit by Luke Witkowski and loses puck.
14:35 of 1st period - Matt Hendricks is hit by Nail Yakupov and loses puck.
15:17 of 1st period - Minor Penalty to Luke Witkowski for Slashing.
15:18 of 1st period - Cody Eakin wins face-off versus Curtis McKenzie in Penguins zone.
15:19 of 1st period - Snap shot by Tommy Wingels.
15:19 of 1st period - Shot Blocked by Stu Bickel.
15:21 of 1st period - Slapshot by Shea Weber.
15:21 of 1st period - Shot Blocked by Stu Bickel.
15:23 of 1st period - Slapshot by Brent Seabrook.
15:23 of 1st period - Shot Misses the Net.
15:25 of 1st period - Slapshot by Alex Killorn.
15:25 of 1st period - Shot Misses the Net.
15:27 of 1st period - Snap shot by Tommy Wingels.
15:27 of 1st period - Shot Blocked by Xavier Ouellet.
15:29 of 1st period - Snap shot by Brent Seabrook.
15:29 of 1st period - Stopped by Alex Stalock without a rebound.
15:30 of 1st period - Cody Eakin wins face-off versus Curtis McKenzie in Penguins zone.
16:15 of 1st period - Slapshot by Shea Weber.
16:15 of 1st period - Deflect By Tommy Wingels.
16:15 of 1st period - Shot Misses the Net.
16:15 of 1st period - Puck is out of play.
16:16 of 1st period - Cody Eakin wins face-off versus Curtis McKenzie in Penguins zone.
17:17 of 1st period - Penalty to Luke Witkowski is over, Luke Witkowski is back on ice.
17:43 of 1st period - Minor Penalty to Chris Butler for High sticking.
17:44 of 1st period - Mikkel Boedker wins face-off versus Nail Yakupov in Penguins zone.
17:55 of 1st period - Slapshot by Mikkel Boedker.
17:55 of 1st period - Shot Blocked by Joakim Lindstrom.
17:57 of 1st period - Slapshot by Brent Seabrook.
17:57 of 1st period - Shot Blocked by Nail Yakupov.
17:59 of 1st period - Backhand shot by Brent Seabrook.
17:59 of 1st period - Stopped by Alex Stalock with a rebound.
18:01 of 1st period - Snap shot by Anze Kopitar.
18:01 of 1st period - Stopped by Alex Stalock with a rebound.
18:03 of 1st period - Slapshot by Brent Seabrook.
18:03 of 1st period - Shot Misses the Net.
18:55 of 1st period - Anton Lander is hit by Nail Yakupov and loses puck.
19:02 of 1st period - Nick Holden is hit by Joakim Lindstrom and loses puck.
19:11 of 1st period - Snap shot by Matt Duchene.
19:11 of 1st period - Shot Misses the Net.
19:43 of 1st period - Penalty to Chris Butler is over, Chris Butler is back on ice.
Goals for this period are 1 for Penguins vs 2 for Bruins.
Shots for this period are 3 for Penguins vs 10 for Bruins.

2nd period


0:01 of 2nd period - Anze Kopitar wins face-off versus Curtis McKenzie in neutral zone.
0:04 of 2nd period - Wrist shot by Matt Duchene.
0:04 of 2nd period - Goal by Matt Duchene - Penguins : 1 - Bruins : 3.
0:05 of 2nd period - Anze Kopitar wins face-off versus Curtis McKenzie in neutral zone.
0:14 of 2nd period - Snap shot by Matt Duchene.
0:14 of 2nd period - Stopped by Alex Stalock with a rebound.
0:16 of 2nd period - Slapshot by Shea Weber.
0:16 of 2nd period - Shot Misses the Net.
0:18 of 2nd period - Snap shot by Matt Duchene.
0:18 of 2nd period - Goal by Matt Duchene - Penguins : 1 - Bruins : 4.
0:19 of 2nd period - Anze Kopitar wins face-off versus Curtis McKenzie in neutral zone.
0:22 of 2nd period - Slapshot by Matt Duchene.
0:22 of 2nd period - Stopped by Alex Stalock with a rebound.
0:24 of 2nd period - Wrist shot by Matt Duchene.
0:24 of 2nd period - Stopped by Alex Stalock with a rebound.
0:26 of 2nd period - Slapshot by Shea Weber.
0:26 of 2nd period - Stopped by Alex Stalock with a rebound.
0:48 of 2nd period - Off-side.
0:49 of 2nd period - Cody Eakin wins face-off versus Marcus Foligno in neutral zone.
1:20 of 2nd period - Wrist shot by Marcus Foligno.
1:20 of 2nd period - Stopped by Semyon Varlamov without a rebound.
1:21 of 2nd period - Matt Duchene wins face-off versus Curtis McKenzie in Bruins zone.
1:38 of 2nd period - Snap shot by Curtis McKenzie.
1:38 of 2nd period - Shot Blocked by Matt Duchene.
1:40 of 2nd period - Wrist shot by Curtis McKenzie.
1:40 of 2nd period - Stopped by Semyon Varlamov with a rebound.
1:42 of 2nd period - Snap shot by Steve MacIntyre.
1:42 of 2nd period - Shot Misses the Net.
1:44 of 2nd period - Snap shot by Steve MacIntyre.
1:44 of 2nd period - Shot Blocked by Brent Seabrook.
1:46 of 2nd period - Wrist shot by Stu Bickel.
1:46 of 2nd period - Stopped by Semyon Varlamov with a rebound.
1:48 of 2nd period - Slapshot by Curtis McKenzie.
1:48 of 2nd period - Shot Misses the Net.
1:50 of 2nd period - Slapshot by Stu Bickel.
1:50 of 2nd period - Shot Blocked by Brent Seabrook.
2:04 of 2nd period - Snap shot by Nail Yakupov.
2:04 of 2nd period - Stopped by Semyon Varlamov with a rebound.
2:09 of 2nd period - Minor Penalty to Anze Kopitar for Interference.
2:10 of 2nd period - Matt Hendricks wins face-off versus Marcus Foligno in Bruins zone.
2:10 of 2nd period - Matt Hendricks is hit by Marcus Foligno.
3:30 of 2nd period - Xavier Ouellet is hit by Matt Hendricks and loses puck.
3:54 of 2nd period - Wrist shot by Nathan MacKinnon.
3:54 of 2nd period - Shot Misses the Net.
3:56 of 2nd period - Slapshot by Xavier Ouellet.
3:56 of 2nd period - Shot Misses the Net.
3:58 of 2nd period - Slapshot by Curtis McKenzie.
3:58 of 2nd period - Goal by Curtis McKenzie - Penguins : 2 - Bruins : 4.
3:59 of 2nd period - Anze Kopitar wins face-off versus Nail Yakupov in neutral zone.
4:02 of 2nd period - Nail Yakupov is hit by Shea Weber and loses puck.
4:29 of 2nd period - Snap shot by Jimmy Hayes.
4:29 of 2nd period - Deflect By Chris Kelly.
4:29 of 2nd period - Stopped by Semyon Varlamov with a rebound.
4:31 of 2nd period - Snap shot by Nail Yakupov.
4:31 of 2nd period - Deflect By Jimmy Hayes.
4:31 of 2nd period - Shot Blocked by Mirco Mueller.
4:31 of 2nd period - Puck is out of play.
4:32 of 2nd period - Mikkel Boedker wins face-off versus Reilly Smith in Bruins zone.
5:27 of 2nd period - Matt Duchene is hit by Steve MacIntyre and loses puck.
5:38 of 2nd period - Snap shot by Anze Kopitar.
5:38 of 2nd period - Stopped by Alex Stalock with a rebound.
5:40 of 2nd period - Slapshot by Nate Guenin.
5:40 of 2nd period - Shot Blocked by Xavier Ouellet.
5:42 of 2nd period - Wrist shot by Nick Holden.
5:42 of 2nd period - Stopped by Alex Stalock with a rebound.
5:44 of 2nd period - Slapshot by Nate Guenin.
5:44 of 2nd period - Shot Blocked by Curtis McKenzie.
5:46 of 2nd period - Wrist shot by Nick Holden.
5:46 of 2nd period - Stopped by Alex Stalock with a rebound.
5:48 of 2nd period - Slapshot by Nate Guenin.
5:48 of 2nd period - Stopped by Alex Stalock without a rebound.
5:49 of 2nd period - Marcus Foligno wins face-off versus Cody Eakin in Penguins zone.
6:38 of 2nd period - Minor Penalty to Mark Fraser for Hooking.
6:39 of 2nd period - Curtis McKenzie wins face-off versus Anze Kopitar in Penguins zone.
6:39 of 2nd period - Curtis McKenzie is hit by Brent Seabrook.
7:59 of 2nd period - Curtis McKenzie is hit by Shea Weber and loses puck.
8:38 of 2nd period - Penalty to Mark Fraser is over, Mark Fraser is back on ice.
8:38 of 2nd period - Stu Bickel is hit by Mikkel Boedker and loses puck.
8:56 of 2nd period - Jeff Petry is hit by Stu Bickel and loses puck.
9:09 of 2nd period - Snap shot by Nail Yakupov.
9:09 of 2nd period - Stopped by Semyon Varlamov with a rebound.
9:38 of 2nd period - Nate Guenin is hit by Marcus Foligno.
9:48 of 2nd period - Alex Killorn is hit by Marcus Foligno and loses puck.
11:38 of 2nd period - Minor Penalty to Paul Martin for Cross-checking.
11:39 of 2nd period - Anze Kopitar wins face-off versus Marcus Foligno in Bruins zone.
11:47 of 2nd period - Slapshot by Stu Bickel.
11:47 of 2nd period - Shot Blocked by Brent Seabrook.
11:49 of 2nd period - Wrist shot by Joakim Lindstrom.
11:49 of 2nd period - Shot Misses the Net.
11:51 of 2nd period - Slapshot by Xavier Ouellet.
11:51 of 2nd period - Deflect By Joakim Lindstrom.
11:51 of 2nd period - Goal by Joakim Lindstrom - Penguins : 3 - Bruins : 4.
11:52 of 2nd period - Curtis McKenzie wins face-off versus Cody Eakin in neutral zone.
11:55 of 2nd period - Cody Eakin is hit by Curtis McKenzie.
12:18 of 2nd period - Snap shot by Joakim Lindstrom.
12:18 of 2nd period - Shot Misses the Net.
12:20 of 2nd period - Wrist shot by Joakim Lindstrom.
12:20 of 2nd period - Shot Blocked by Paul Martin.
12:22 of 2nd period - Wrist shot by Curtis McKenzie.
12:22 of 2nd period - Stopped by Semyon Varlamov with a rebound.
13:04 of 2nd period - Matt Hendricks is hit by Chris Butler and loses puck.
13:38 of 2nd period - Off-side.
13:39 of 2nd period - Jim Slater wins face-off versus Marcus Foligno in neutral zone.
13:56 of 2nd period - Wrist shot by Marcus Foligno.
13:56 of 2nd period - Shot Misses the Net.
13:58 of 2nd period - Snap shot by Stu Bickel.
13:58 of 2nd period - Shot Blocked by Jim Slater.
14:00 of 2nd period - Snap shot by Chris Kelly.
14:00 of 2nd period - Stopped by Semyon Varlamov without a rebound.
14:01 of 2nd period - Cody Eakin wins face-off versus Curtis McKenzie in Bruins zone.
14:28 of 2nd period - Wrist shot by Alex Killorn.
14:28 of 2nd period - Goal by Alex Killorn - Penguins : 3 - Bruins : 5.
14:29 of 2nd period - Anton Lander wins face-off versus Marcus Foligno in neutral zone.
14:31 of 2nd period - Stu Bickel beats up Matt Hendricks.
14:31 of 2nd period - Penalty to Matt Hendricks for Fighting.
14:31 of 2nd period - Penalty to Stu Bickel for Fighting.
14:32 of 2nd period - Curtis McKenzie wins face-off versus Anze Kopitar in neutral zone.
15:31 of 2nd period - Tommy Wingels is hit by Chris Kelly and loses puck.
15:59 of 2nd period - Off-side.
16:00 of 2nd period - Anton Lander wins face-off versus Reilly Smith in neutral zone.
16:13 of 2nd period - Jiri Sekac is hit by Reilly Smith and loses puck.
16:35 of 2nd period - Alex Killorn is hit by Nathan MacKinnon and loses puck.
17:00 of 2nd period - Snap shot by Mikkel Boedker.
17:00 of 2nd period - Shot Blocked by Joakim Lindstrom.
17:19 of 2nd period - Icing by Mark Fraser.
17:20 of 2nd period - Anze Kopitar wins face-off versus Curtis McKenzie in Penguins zone.
17:27 of 2nd period - Snap shot by Jim Slater.
17:27 of 2nd period - Stopped by Alex Stalock with a rebound.
17:31 of 2nd period - Slapshot by Jim Slater.
17:31 of 2nd period - Stopped by Alex Stalock with a rebound.
17:33 of 2nd period - Wrist shot by Jim Slater.
17:33 of 2nd period - Shot Misses the Net.
18:01 of 2nd period - Slapshot by Marcus Foligno.
18:01 of 2nd period - Shot Blocked by Jeff Petry.
18:03 of 2nd period - Slapshot by Chris Butler.
18:03 of 2nd period - Shot Blocked by Jeff Petry.
18:15 of 2nd period - Alex Killorn is hit by Marcus Foligno and loses puck.
18:56 of 2nd period - Wrist shot by Mikael Granlund.
18:56 of 2nd period - Stopped by Semyon Varlamov without a rebound.
18:57 of 2nd period - Anton Lander wins face-off versus Reilly Smith in Bruins zone.
19:41 of 2nd period - Snap shot by Anton Lander.
19:41 of 2nd period - Stopped by Alex Stalock with a rebound.
19:56 of 2nd period - Minor Penalty to Jeff Petry for Hooking.
19:57 of 2nd period - Marcus Foligno wins face-off versus Alex Killorn in Bruins zone.
Goals for this period are 2 for Penguins vs 3 for Bruins.
Shots for this period are 11 for Penguins vs 14 for Bruins.

3rd period


0:01 of 3rd period - Curtis McKenzie wins face-off versus Anze Kopitar in neutral zone.
0:28 of 3rd period - Wrist shot by Curtis McKenzie.
0:28 of 3rd period - Stopped by Semyon Varlamov with a rebound.
0:30 of 3rd period - Snap shot by Xavier Ouellet.
0:30 of 3rd period - Goal by Xavier Ouellet - Penguins : 4 - Bruins : 5.
0:31 of 3rd period - Marcus Foligno wins face-off versus Matt Duchene in neutral zone.
0:34 of 3rd period - Snap shot by Jay McClement.
0:34 of 3rd period - Shot Misses the Net.
0:55 of 3rd period - Minor Penalty to Chris Kelly for Hooking.
0:56 of 3rd period - Curtis McKenzie wins face-off versus Cody Eakin in Penguins zone.
2:11 of 3rd period - Chris Butler is hit by Mikkel Boedker and loses puck.
2:22 of 3rd period - Steve MacIntyre is hit by Tommy Wingels and loses puck.
2:50 of 3rd period - Off-side.
2:51 of 3rd period - Anze Kopitar wins face-off versus Nathan MacKinnon in neutral zone.
2:55 of 3rd period - Penalty to Chris Kelly is over, Chris Kelly is back on ice.
2:56 of 3rd period - Snap shot by Matt Duchene.
2:56 of 3rd period - Stopped by Alex Stalock with a rebound.
2:58 of 3rd period - Slapshot by Jeff Petry.
2:58 of 3rd period - Shot Blocked by Xavier Ouellet.
3:00 of 3rd period - Snap shot by Matt Duchene.
3:00 of 3rd period - Shot Misses the Net.
3:19 of 3rd period - Wrist shot by Nathan MacKinnon.
3:19 of 3rd period - Shot Misses the Net.
3:25 of 3rd period - Jeff Petry is hit by Nathan MacKinnon and loses puck.
3:57 of 3rd period - Shea Weber is hit by Chris Kelly and loses puck.
4:14 of 3rd period - Wrist shot by Nathan MacKinnon.
4:14 of 3rd period - Stopped by Semyon Varlamov with a rebound.
4:16 of 3rd period - Snap shot by Reilly Smith.
4:16 of 3rd period - Stopped by Semyon Varlamov without a rebound.
4:17 of 3rd period - Cody Eakin wins face-off versus Reilly Smith in Bruins zone.
4:40 of 3rd period - Wrist shot by Tommy Wingels.
4:40 of 3rd period - Shot Misses the Net.
4:42 of 3rd period - Snap shot by Tommy Wingels.
4:42 of 3rd period - Goal by Tommy Wingels - Penguins : 4 - Bruins : 6.
4:43 of 3rd period - Anton Lander wins face-off versus Curtis McKenzie in neutral zone.
6:27 of 3rd period - Wrist shot by Matt Duchene.
6:27 of 3rd period - Shot Blocked by Luke Witkowski.
6:29 of 3rd period - Slapshot by Nate Guenin.
6:29 of 3rd period - Shot Misses the Net.
6:31 of 3rd period - Snap shot by Nick Holden.
6:31 of 3rd period - Deflect By Matt Duchene.
6:31 of 3rd period - Shot Blocked by Chris Butler.
6:31 of 3rd period - Puck is out of play.
6:32 of 3rd period - Anton Lander wins face-off versus Curtis McKenzie in Penguins zone.
7:24 of 3rd period - Brent Seabrook is hit by Nail Yakupov.
7:25 of 3rd period - Icing by Brent Seabrook.
7:26 of 3rd period - Marcus Foligno wins face-off versus Anze Kopitar in Bruins zone.
7:39 of 3rd period - Alex Killorn is hit by Marcus Foligno and loses puck.
7:51 of 3rd period - Chris Kelly is hit by Brent Seabrook and loses puck.
8:04 of 3rd period - Luke Witkowski is hit by Cody Eakin and loses puck.
9:00 of 3rd period - Stu Bickel is hit by Anze Kopitar and loses puck.
9:07 of 3rd period - Snap shot by Anze Kopitar.
9:07 of 3rd period - Shot Misses the Net.
9:09 of 3rd period - Slapshot by Nate Guenin.
9:09 of 3rd period - Stopped by Alex Stalock with a rebound.
9:49 of 3rd period - Slapshot by Tommy Wingels.
9:49 of 3rd period - Stopped by Alex Stalock without a rebound.
9:50 of 3rd period - Cody Eakin wins face-off versus Marcus Foligno in Penguins zone.
10:47 of 3rd period - Matt Duchene is hit by Christian Ehrhoff and loses puck.
11:00 of 3rd period - Wrist shot by Nail Yakupov.
11:00 of 3rd period - Shot Blocked by Anze Kopitar.
11:02 of 3rd period - Backhand shot by Jimmy Hayes.
11:02 of 3rd period - Shot Blocked by Paul Martin.
11:04 of 3rd period - Slapshot by Chris Butler.
11:04 of 3rd period - Deflect By Joakim Lindstrom.
11:04 of 3rd period - Stopped by Semyon Varlamov without a rebound.
11:05 of 3rd period - Cody Eakin wins face-off versus Reilly Smith in Bruins zone.
11:44 of 3rd period - Wrist shot by Joakim Lindstrom.
11:44 of 3rd period - Shot Misses the Net.
11:46 of 3rd period - Slapshot by Xavier Ouellet.
11:46 of 3rd period - Stopped by Semyon Varlamov with a rebound.
11:48 of 3rd period - Slapshot by Xavier Ouellet.
11:48 of 3rd period - Shot Blocked by Nick Holden.
11:50 of 3rd period - Slapshot by Xavier Ouellet.
11:50 of 3rd period - Shot Blocked by Nick Holden.
12:00 of 3rd period - Nick Holden is hit by Jimmy Hayes and loses puck.
12:07 of 3rd period - Snap shot by Nail Yakupov.
12:07 of 3rd period - Deflect By Jimmy Hayes.
12:07 of 3rd period - Stopped by Semyon Varlamov with a rebound.
12:11 of 3rd period - Snap shot by Chris Kelly.
12:11 of 3rd period - Shot Misses the Net.
12:13 of 3rd period - Slapshot by Luke Witkowski.
12:13 of 3rd period - Shot Blocked by Anton Lander.
12:36 of 3rd period - Snap shot by Joakim Lindstrom.
12:36 of 3rd period - Shot Misses the Net.
12:54 of 3rd period - Wrist shot by Marcus Foligno.
12:54 of 3rd period - Stopped by Semyon Varlamov with a rebound.
12:56 of 3rd period - Wrist shot by Mark Fraser.
12:56 of 3rd period - Stopped by Semyon Varlamov without a rebound.
12:57 of 3rd period - Anze Kopitar wins face-off versus Marcus Foligno in Bruins zone.
13:28 of 3rd period - Snap shot by Cody Eakin.
13:28 of 3rd period - Shot Blocked by Stu Bickel.
13:30 of 3rd period - Snap shot by Paul Martin.
13:30 of 3rd period - Stopped by Alex Stalock with a rebound.
13:34 of 3rd period - Snap shot by Cody Eakin.
13:34 of 3rd period - Stopped by Alex Stalock with a rebound.
13:36 of 3rd period - Wrist shot by Tommy Wingels.
13:36 of 3rd period - Shot Blocked by Xavier Ouellet.
13:38 of 3rd period - Snap shot by Jeff Petry.
13:38 of 3rd period - Shot Blocked by Xavier Ouellet.
13:40 of 3rd period - Snap shot by Alex Killorn.
13:40 of 3rd period - Stopped by Alex Stalock with a rebound.
13:42 of 3rd period - Wrist shot by Cody Eakin.
13:42 of 3rd period - Stopped by Alex Stalock without a rebound.
13:43 of 3rd period - Cody Eakin wins face-off versus Curtis McKenzie in Penguins zone.
14:18 of 3rd period - Snap shot by Shea Weber.
14:18 of 3rd period - Shot Blocked by Luke Witkowski.
14:20 of 3rd period - Snap shot by Jiri Sekac.
14:20 of 3rd period - Shot Misses the Net.
14:22 of 3rd period - Slapshot by Shea Weber.
14:22 of 3rd period - Shot Misses the Net.
14:57 of 3rd period - Icing by Brent Seabrook.
14:58 of 3rd period - Jim Slater wins face-off versus Marcus Foligno in Bruins zone.
15:17 of 3rd period - Wrist shot by Chris Kelly.
15:17 of 3rd period - Stopped by Semyon Varlamov with a rebound.
16:03 of 3rd period - Minor Penalty to Xavier Ouellet for Tripping.
16:04 of 3rd period - Cody Eakin wins face-off versus Curtis McKenzie in Penguins zone.
16:21 of 3rd period - Snap shot by Tommy Wingels.
16:21 of 3rd period - Goal by Tommy Wingels - Penguins : 4 - Bruins : 7.
16:22 of 3rd period - Reilly Smith wins face-off versus Matt Hendricks in neutral zone.
16:27 of 3rd period - Snap shot by Nathan MacKinnon.
16:27 of 3rd period - Stopped by Semyon Varlamov without a rebound.
16:28 of 3rd period - Reilly Smith wins face-off versus Anton Lander in Bruins zone.
17:28 of 3rd period - Joakim Lindstrom is hit by Jeff Petry and loses puck.
17:35 of 3rd period - Alex Killorn is hit by Luke Witkowski and loses puck.
17:40 of 3rd period - Snap shot by Joakim Lindstrom.
17:40 of 3rd period - Stopped by Semyon Varlamov with a rebound.
17:42 of 3rd period - Slapshot by Xavier Ouellet.
17:42 of 3rd period - Shot Misses the Net.
17:56 of 3rd period - Minor Penalty to Paul Martin for Hooking.
17:57 of 3rd period - Marcus Foligno wins face-off versus Anze Kopitar in Bruins zone.
17:58 of 3rd period - Slapshot by Joakim Lindstrom.
17:58 of 3rd period - Shot Misses the Net.
18:00 of 3rd period - Snap shot by Marcus Foligno.
18:00 of 3rd period - Shot Blocked by Anze Kopitar.
18:02 of 3rd period - Slapshot by Marcus Foligno.
18:02 of 3rd period - Stopped by Semyon Varlamov with a rebound.
18:04 of 3rd period - Wrist shot by Jay McClement.
18:04 of 3rd period - Shot Misses the Net.
18:06 of 3rd period - Snap shot by Marcus Foligno.
18:06 of 3rd period - Shot Misses the Net.
18:27 of 3rd period - Off-side.
18:28 of 3rd period - Curtis McKenzie wins face-off versus Anze Kopitar in neutral zone.
19:56 of 3rd period - Penalty to Paul Martin is over, Paul Martin is back on ice.
Goals for this period are 1 for Penguins vs 2 for Bruins.
Shots for this period are 13 for Penguins vs 9 for Bruins.